Selects Heavy Armor Battlegroup
Construct Section Command Post
Selects Engineer Detachments
Construct Platoon Command Post
Construct Field Infirmary
6-pounder Anti-tank Gun Team
Unlock Bishop Self-propelled Artillery
Bishop Self-propelled Artillery
Selects Crusader AA Medium Tank
Bishop Self-propelled Artillery
6-pounder Anti-tank Gun Team
Construct Company Command Post
Selects Churchill Black Prince Heavy Tank
Churchill Black Prince Heavy Tank
Selects Light Vehicle Withdraw and Refit
Selects Forward Repair Assembly
Selects Designate Targets